 Dungeon Crawl Stone Soup version 0.24.0-125-gc4c63601f3 (webtiles) character file.

Game seed: 11969692024772768246, levelgen mode: deterministic

15744 Defined the Protected (level 12, -10/110 HPs)
             Began as a Minotaur Berserker on Feb 29, 2020.
             Was an Elder of Trog.
             Mangled by Rupert
             ... wielding a +2 great mace of protection
              (36 damage)
             ... on level 12 of the Dungeon.
             The game lasted 00:48:44 (11321 turns).

Defined the Protected (Minotaur Berserker)         Turns: 11321, Time: 00:48:45

Health: -10/110    AC: 16    Str: 26    XL:     12   Next: 3%
Magic:  4/4        EV:  8    Int:  1    God:    Trog [****..]
Gold:   26         SH: 31    Dex: 12    Spells: 11/11 levels left

rFire    + + +     SeeInvis .   M - +8 scimitar "Juitecveu" {slice, rPois rF+ rC+ MP-9}
rCold    + + .     Gourm    .   p - +10 large shield of Ignorance {rN+ Int-4}
rNeg     + . .     Faith    .   s - +0 plate armour
rPois    +         Spirit   .   (helmet unavailable)
rElec    .         Reflect  +   I - scarf {rC+ rF+}
rCorr    .         Harm     .   y - +2 pair of gloves "Retoun" {Dex+2}
MR       +....     Clarity  +   (no boots)
Stlth    ..........             i - +3 amulet of reflection
HPRegen  0.28/turn              t - ring of protection from fire
MPRegen  0.09/turn              d - ring of poison resistance

@: corroded, studying Armour
A: retaliatory headbutt, horns 3, clarity, magic resistance 1, shaggy fur 1
a: Berserk, Trog's Hand, Brothers in Arms, Renounce Religion


You were on level 12 of the Dungeon.
You worshipped Trog.
Trog was greatly pleased with you.
You were not hungry.

You visited 1 branch of the dungeon, and saw 15 of its levels.
You visited 1 bazaar.
You also visited: Gauntlet.

You collected 626 gold pieces.
You spent 600 gold pieces at shops.

Inventory:

Hand Weapons
 u - the +2 hand axe of Luruuh {holy, rF+ rN+}
   (You took it off an orc wizard on level 11 of the Dungeon)

   It has been blessed by the Shining One to cause great damage to the undead
   and demons.
   It protects you from fire.
   It protects you from negative energy.
 F - the +6 broad axe of Tuxifawo {freeze, rF+ rC- MP+9 SInv}
   (You found it on level 10 of the Dungeon)

   It has been specially enchanted to freeze those struck by it, causing extra
   injury to most foes and up to half again as much damage against particularly
   susceptible opponents.
   It can also slow down cold-blooded creatures.
   It protects you from fire.
   It makes you vulnerable to cold.
   It affects your magic capacity (+9).
   It lets you see invisible.
 M - the +8 scimitar "Juitecveu" (weapon) {slice, rPois rF+ rC+ MP-9}
   (You took it off a centaur warrior on level 11 of the Dungeon)

   It inflicts extra damage upon your enemies.
   It protects you from fire.
   It protects you from cold.
   It protects you from poison.
   It affects your magic capacity (-9).
Missiles
 r - 23 javelins (quivered)
 A - 15 poisoned darts
Armour
 p - the +10 large shield of Ignorance (worn) {rN+ Int-4}
   (You found it on level 7 of the Dungeon)

   It affects your intelligence (-4).
   It protects you from negative energy.
 s - a +0 plate armour (worn)
 y - the +2 pair of gloves "Retoun" (worn) {Dex+2}
   (You bought it in a shop in a bazaar)

   It affects your dexterity (+2).
 I - a scarf of resistance (worn)
Magical Staves
 k - an uncursed staff of air
Jewellery
 a - the ring "Neozelut" {+Inv rPois Str-3 Int+5}
   (You bought it in a shop in a bazaar)

   [ring of poison resistance]

   It affects your strength (-3).
   It affects your intelligence (+5).
   It protects you from poison.
   It lets you turn invisible.
 b - a +2 ring of evasion
 d - a ring of poison resistance (right hand)
 f - the ring of the Postmodern Hells {rF- Str+7 Int+4 Dex+6, unknown}
   (You found it in a Gauntlet)

   [ring of intelligence]

   It affects your strength (+7).
   It affects your intelligence (+4).
   It affects your dexterity (+6).
   It makes you vulnerable to fire.
 i - a +3 amulet of reflection (around neck)
 o - a +4 ring of protection
 t - a ring of protection from fire (left hand)
 v - a +3 ring of strength
Wands
 m - a wand of flame (13)
 q - a wand of random effects (40)
 G - a wand of iceblast (12)
 H - a wand of paralysis (15)
 J - a wand of acid (11)
Scrolls
 e - 4 scrolls of enchant weapon
 h - 7 scrolls of fog
 j - a scroll of fear
 l - a scroll of remove curse
 n - 7 scrolls of teleportation
 w - a scroll of holy word
 B - a scroll of identify
 E - a scroll of immolation {unknown}
Potions
 g - 2 potions of cancellation
 x - a potion of flight
 D - 2 potions of agility {unknown}
 K - a potion of berserk rage {unknown}
Books
 C - a manual of Armour
Miscellaneous
 z - a phantom mirror
 L - a sack of spiders
Comestibles
 c - 19 rations


   Skills:
 + Level 11.5 Fighting
 + Level 3.6 Long Blades
 + Level 11.1 Axes
 + Level 13.0 Armour
 - Level 8.0 Dodging
 + Level 9.8 Shields
 + Level 3.4 Evocations


You had 11 spell levels left.
You didn't know any spells.
Your spell library was empty.

Dungeon Overview and Level Annotations

Branches:
Dungeon (15/15)            Temple (0/1) D:4            Lair (0/6) D:8
    Orc (0/2) D:11         Depths (0/5) D:15        Gauntlet (visited)
 Vaults: D:13-14

Altars:
Ashenzari
Cheibriados
Fedhas
Hepliaklqana
Kikubaaqudgha
Nemelex Xobeh
Okawaru
Qazlal
Ru
The Shining One

Annotations:
D:7 1 runed translucent door, exclusion: 4 orange crystal statues
D:12 Rupert


Innate Abilities, Weirdness & Mutations

You reflexively headbutt those who attack you in melee.
You have a pair of large horns on your head.
You possess an exceptional clarity of mind.
You are resistant to hostile enchantments. (MR+)
You are covered in fur. (AC +1)


Message History

You block the acid dragon's attack. x2; Something hits you.
Something shocks you.
* * * LOW HITPOINT WARNING * * *
You block the troll's attack. x2; The troll closely misses you.
Evoke which item? (* to show all) (? for menu, Esc to quit)
Aiming: Corrosive Bolt
Press: ? - help, Shift-Dir - straight line, f/p - Rupert
Aim: Rupert, wielding a +2 great mace of protection and wearing a +0 leather armour of positive energy (almost dead, berserk, fast, unusually strong, covered in acid)
The bolt of acid hits Rupert!
Rupert is splashed with acid.
Rupert is almost dead.
You block Rupert's attack. You block the acid dragon's attack.
The acid dragon claws you but does no damage.
Something hits you.
* * * LOW HITPOINT WARNING * * *
Something shocks you.
* * * LOW HITPOINT WARNING * * *
You block the troll's attack. The troll claws you but does no damage.
The troll barely misses you.
Rupert hits you with a +2 great mace of protection!!!
You die...

*,**,,,,,,.........##........##*
,,,*,,,,,,.........#...........*
,,,,,,,,**....p....##..........#
,,,,,,,,**..T#.D..#.#..........#
,,*,,,,,,,..,####........,,,,,**
,**,*,**,,#*** #..#......,,,,**
,,,****#,,* ###.#......,,,,,*
,,,,**##.**####.@D!...(..,,,,,*
,,*,*,#...##...$@{.......,,,,,*
,**,,,.........#.T..#....,,****
,,,,,,.#####..###...#*#..,,,**
,,,,,,,* ##..# #......,.,,,,*
,*,,,,** #..∩###W..Y#..,,,,**
,*,,,,,##*###.#.........*,,**
,,,*,,,#..##............#*,****
,,****,#.......##.#.......,,,,*
,** *<...##...#**,.......,*,,**


You could see Rupert (berserk), a troll, a hungry ghost, an acid dragon and a
sky beast.

Vanquished Creatures
  Gastronok (D:10)
  A minotaur (Gauntlet)
  A blizzard demon (Gauntlet)
  An ice dragon (D:10)
  2 centaur warriors (D:11)
  A manticore (D:12)
  A worldbinder (Gauntlet)
  Psyche (D:8)
  An ice devil (Gauntlet)
  An efreet (D:11)
  A yaktaur (D:11)
  A troll (D:8)
  A tengu conjurer (D:11)
  2 queen bees
  A polar bear (D:10)
  2 hippogriffs
  2 wraiths
  2 vampires
  6 yaks (D:9)
  A steam dragon (D:11)
  A vampire mosquito (D:11)
  An acid dragon (D:12)
  3 orc warriors
  An ice beast (D:7)
  2 phantoms
  A wolf (D:8)
  2 boggarts (Gauntlet)
  A centaur (D:6)
  5 ogres
  5 bullfrogs
  2 wyvern zombies
  5 scorpions
  17 killer bees
  A howler monkey (D:7)
  An electric eel (D:8)
  8 crimson imps
  A bullfrog zombie (D:8)
  2 quasits
  4 centaur zombies
  14 hounds
  A jelly (D:9)
  7 orc priests
  11 orc wizards
  2 bullfrog skeletons
  2 centaur skeletons
  Jessica (D:2)
  Natasha (D:3)
  3 iguanas
  6 worker ants
  A hound zombie (D:8)
  A hound skeleton (D:8)
  Robin (D:2)
  A howler monkey zombie (D:5)
  A worker ant zombie (D:8)
  14 adders
  2 shadow imps
  An adder skeleton (D:5)
  4 worms
  3 dart slugs (D:2)
  6 leopard geckos
  49 orcs
  3 ball pythons (D:2)
  3 bat zombies (D:5)
  8 giant cockroaches
  18 goblins
  13 hobgoblins
  2 jackals (D:3)
  4 quokkas
  10 bats
  4 frilled lizards
  A jackal zombie (D:6)
  9 kobolds
  A quokka skeleton (D:4)
  9 rats
310 creatures vanquished.

Vanquished Creatures (collateral kills)
  A hydra (D:12)
  A rime drake (D:10)
  A polar bear (D:10)
  2 ice beasts (D:10)
  A boggart (Gauntlet)
6 creatures vanquished.

Vanquished Creatures (others)
  A bullfrog skeleton (D:11)
  2 orcs
  7 fungi (Gauntlet)
  21 plants
31 creatures vanquished.

Grand Total: 347 creatures vanquished

Notes
Turn   | Place    | Note
-------+----------+-------------------------------------------
     0 | D:1      | Defined the Minotaur Berserker began the quest for the Orb.
     0 | D:1      | Reached XP level 1. HP: 19/19 MP: 0/0
   252 | D:1      | Reached XP level 2. HP: 27/27 MP: 1/1
   988 | D:2      | Reached XP level 3. HP: 30/33 MP: 2/2
   993 | D:2      | Reached ** piety under Trog
  1076 | D:2      | Reached skill level 3 in Armour
  1085 | D:2      | Noticed Robin
  1106 | D:2      | Killed Robin
  1114 | D:2      | Reached XP level 4. HP: 41/41 MP: 3/3
  1584 | D:2      | Reached XP level 5. HP: 47/47 MP: 4/4
  1649 | D:2      | Reached *** piety under Trog
  1749 | D:2      | Noticed Jessica
  1755 | D:2      | Killed Jessica
  1778 | D:2      | Reached skill level 5 in Fighting
  1813 | D:2      | Reached skill level 5 in Axes
  1856 | D:2      | Found a blossoming altar of Fedhas.
  1857 | D:2      | Found a shattered altar of Ashenzari.
  1857 | D:2      | Found a hazy altar of Hepliaklqana.
  2039 | D:3      | Noticed Natasha
  2049 | D:3      | Killed Natasha
  2049 | D:3      | Reached skill level 4 in Armour
  2059 | D:3      | Found an iron altar of Okawaru.
  2346 | D:3      | Found a sacrificial altar of Ru.
  2432 | D:3      | Reached XP level 6. HP: 53/56 MP: 5/5
  3097 | D:4      | Reached skill level 5 in Armour
  3101 | D:4      | Reached XP level 7. HP: 40/62 MP: 6/6
  3109 | D:4      | Reached **** piety under Trog
  3120 | D:4      | HP: 3/63 [poisoned by an orc wizard]
  3125 | D:4      | HP: 3/63 [poisoned by an orc wizard]
  3130 | D:4      | HP: 3/63 [poisoned by an orc wizard]
  3435 | D:4      | Found a staircase to the Ecumenical Temple.
  3538 | D:4      | Found a glowing golden altar of the Shining One.
  3667 | D:5      | Entered Level 5 of the Dungeon
  3690 | D:5      | Reached skill level 5 in Dodging
  3690 | D:5      | Reached skill level 1 in Shields
  3905 | D:5      | Found a stormy altar of Qazlal.
  3945 | D:5      | Found an ancient bone altar of Kikubaaqudgha.
  4418 | D:6      | Reached XP level 8. HP: 66/71 MP: 7/7
  4544 | D:6      | Reached skill level 6 in Armour
  5230 | D:7      | Found the +10 large shield of Ignorance {rN+ Int-4}
  5237 | D:7      | Found a runed translucent door.
  5255 | D:7      | Found a runed translucent door.
  5255 | D:7      | Noticed an orange crystal statue
  5262 | D:7      | Noticed an orange crystal statue
  5262 | D:7      | Noticed an orange crystal statue
  5262 | D:7      | Noticed an orange crystal statue
  5961 | D:7      | Gained mutation: Armour fits poorly on your strangely
                  | shaped body. [potion of mutation]
  5961 | D:7      | Gained mutation: You are covered in fur. (AC +1) [potion of
                  | mutation]
  5961 | D:7      | Gained mutation: You are agile. (Dex +2) [potion of
                  | mutation]
  5962 | D:7      | Lost mutation: You are agile. (Dex +2) [potion of mutation]
  5962 | D:7      | Lost mutation: Armour fits poorly on your strangely shaped
                  | body. [potion of mutation]
  5962 | D:7      | Gained mutation: You have a pair of large horns on your
                  | head. [potion of mutation]
  5962 | D:7      | Gained mutation: You are resistant to hostile enchantments.
                  | (MR+) [potion of mutation]
  5962 | D:7      | Gained mutation: You possess an exceptional clarity of
                  | mind. [potion of mutation]
  5981 | D:7      | Reached skill level 7 in Armour
  6243 | D:8      | Reached XP level 9. HP: 65/81 MP: 3/8
  6296 | D:8      | Noticed a queen bee
  6307 | D:8      | Killed a queen bee
  6307 | D:8      | Reached skill level 5 in Shields
  6325 | D:8      | Reached ***** piety under Trog
  6638 | D:8      | Noticed a troll
  6837 | D:8      | Killed a troll
  6837 | D:8      | Reached skill level 8 in Armour
  6903 | D:8      | Found a staircase to the Lair.
  6921 | D:8      | Noticed Psyche
  7094 | D:8      | Killed Psyche
  7250 | D:8      | Reached XP level 10. HP: 91/91 MP: 9/9
  7250 | D:8      | Identified the +9 quarterstaff of the Reaper {venom, rN+
                  | Str+4 Int+3 Dex+4}
  7954 | D:9      | Reached skill level 9 in Armour
  8211 | D:9      | Found a sparkling altar of Nemelex Xobeh.
  8524 | D:10     | Entered Level 10 of the Dungeon
  8540 | D:10     | Noticed an ice dragon
  8553 | D:10     | Killed an ice dragon
  8553 | D:10     | Reached skill level 10 in Fighting
  8553 | D:10     | Reached skill level 10 in Armour
  8562 | D:10     | Got the broad axe of Tuxifawo {freeze}
  8629 | D:10     | Identified the +6 broad axe of Tuxifawo {freeze, rF+ rC-
                  | MP+9 SInv} (You found it on level 10 of the Dungeon)
  8694 | D:10     | Noticed Gastronok
  8717 | D:10     | Killed Gastronok
  8717 | D:10     | Reached skill level 10 in Axes
  8717 | D:10     | Reached skill level 11 in Armour
  8717 | D:10     | Reached XP level 11. HP: 64/101 MP: 10/10
  9079 | D:10     | Found the +0 Maxwell's etheric cage {RegenMP+ *Contam rElec
                  | MP+4}
  9357 | D:11     | Found a stormy altar of Qazlal.
  9419 | D:11     | Noticed a centaur warrior
  9428 | D:11     | Killed a centaur warrior
  9428 | D:11     | Reached skill level 1 in Evocations
  9440 | D:11     | Identified the +1 chain mail of Guneec {MP+9}
  9441 | D:11     | Identified the +8 scimitar "Juitecveu" {slice, rPois rF+
                  | rC+ MP-9}
  9441 | D:11     | Noticed a centaur warrior
  9449 | D:11     | Killed a centaur warrior
  9501 | D:11     | Reached skill level 12 in Armour
  9721 | D:11     | Found a staircase to the Orcish Mines.
  9739 | D:11     | Reached skill level 1 in Long Blades
  9824 | D:11     | Identified the +2 hand axe of Luruuh {holy, rF+ rN+}
  9892 | D:12     | You fall into a shaft and drop 3 floors!
  9892 | D:15     | Entered Level 15 of the Dungeon
  9892 | D:15     | Found a snail-covered altar of Cheibriados.
  9962 | D:12     | Noticed a green ugly thing
  9965 | D:12     | Noticed Rupert
 10002 | D:12     | Paralysed by Rupert for 3 turns
 10012 | D:12     | Found a gate leading to a gauntlet.
 10033 | D:12     | Noticed a six-headed hydra
 10037 | D:12     | Found a flickering gateway to a bazaar.
 10046 | Bazaar   | Entered a bazaar
 10046 | Bazaar   | Found Isoump's Assorted Antiques.
 10046 | Bazaar   | Found Ennym's Jewellery Boutique.
 10046 | Bazaar   | Found Denlasur's Food Boutique.
 10046 | Bazaar   | Found Bimuosh's Magic Scroll Boutique.
 10046 | Bazaar   | Found Zikerhay's Armour Shop.
 10078 | Bazaar   | Bought a scintillating bronze ring for 125 gold pieces
 10078 | Bazaar   | Bought a pair of warped gloves for 237 gold pieces
 10078 | Bazaar   | Bought an embroidered scarf for 200 gold pieces
 10084 | Bazaar   | Bought a scroll of fear for 38 gold pieces
 10085 | Bazaar   | Identified the ring "Neozelut" {+Inv rPois Str-3 Int+5}
                  | (You bought it in a shop in a bazaar)
 10099 | Bazaar   | Identified the +2 pair of gloves "Retoun" {Dex+2} (You
                  | bought it in a shop in a bazaar)
 10126 | D:12     | Killed a six-headed hydra
 10148 | Gauntlet | Entered a Gauntlet
 10148 | Gauntlet | Found a transporter.
 10283 | Gauntlet | Found a transporter.
 10298 | Gauntlet | Found a transporter.
 10303 | Gauntlet | Found a transporter.
 10317 | Gauntlet | Noticed a wizard
 10317 | Gauntlet | Noticed a wizard
 10322 | Gauntlet | Found a transporter.
 10337 | Gauntlet | Found a transporter.
 10337 | Gauntlet | Noticed a wretched star
 10348 | Gauntlet | Noticed a sixfirhy
 10351 | Gauntlet | Found a transporter.
 10352 | Gauntlet | Noticed a sixfirhy
 10353 | Gauntlet | Noticed a sixfirhy
 10354 | Gauntlet | Noticed a sixfirhy
 10363 | Gauntlet | Found a transporter.
 10363 | Gauntlet | Noticed a blizzard demon
 10395 | Gauntlet | Found a transporter.
 10397 | Gauntlet | Found a transporter.
 10482 | Gauntlet | Found a transporter.
 10512 | Gauntlet | Found a transporter.
 10528 | Gauntlet | Found a transporter.
 10530 | Gauntlet | Noticed a brown ugly thing
 10561 | Gauntlet | Noticed an orb spider
 10563 | Gauntlet | Paralysed by a floating eye for 4 turns
 10577 | Gauntlet | Found a transporter.
 10620 | Gauntlet | Found a transporter.
 10821 | Gauntlet | Found a transporter.
 10824 | Gauntlet | Noticed a green ugly thing
 10825 | Gauntlet | Noticed a glowing orange brain
 10875 | Gauntlet | Got a scorched lapis lazuli ring
 10888 | Gauntlet | Killed a blizzard demon
 11123 | Gauntlet | Noticed a minotaur
 11136 | Gauntlet | Killed a minotaur
 11136 | Gauntlet | Reached skill level 13 in Armour
 11136 | Gauntlet | Reached XP level 12. HP: 64/110 MP: 4/13
 11321 | D:12     | Mangled by Rupert

Levels and vault maps discovered:
D:1:      sevenhm_arrival_forest_fort_large_4, layout_loops_corners,
          chequers_mini_garden
D:2:      minmay_chambers_of_twos, layout_basic, minitemple, minmay_tripent,
          uniq_robin, uniq_jessica
D:3:      layout_basic, nicolae_ru_awakened_eye, overflow_temple_1_default,
          uniq_natasha
D:4:      layout_rooms, tso_altar, minmay_temple_entry_arrows, first_ration
D:5:      layout_loops_ring, lemuel_zombie_altar_kikubaaqudgha, basic_altar,
          st_stairs_1
D:6:      layout_loops_ring
D:7:      layout_loops_cross, chequers_guarded_unrand_ignorance
D:8:      layout_loops_ring, erik_lair_island, david_nohive_1,
          chequers_serial_rivers_small_a, serial_bayou_pond_c, minmay_radiant,
          uniq_psyche
D:9:      layout_basic, overflow_temple_1_default, st_stairs_8
D:10:     minmay_coctagon, layout_small_grid, uniq_gastronok
D:11:     minmay_the_grid_octo_tiled_squarecenter
          [minmay_the_grid_octo_checkered, minmay_the_grid_octo_pinwheel,
          minmay_the_grid_octo_odd_swirl, minmay_the_grid_octo_thin_diamonds,
          minmay_the_grid_square_5x5_megaprize_open,
          minmay_the_grid_square_5x5_seven, minmay_the_grid_square_5x5_spiral,
          minmay_the_grid_square_5x5_one_wall,
          minmay_the_grid_square_5x5_inner_i], layout_grid_maze, orc_0_dummy,
          grunt_qazlal_clouds
D:12:     layout_cave_pools, gauntlet_entry_generic, serial_shops,
          bzr_entry_customers, uniq_rupert
D:13:     layout_loops_ring
D:14:     layout_gridville, ximxim_vaults_locker_room, serial_shops, shop,
          chequers_garden, hangedman_tell_no_tales
D:15:     grunt_enter_depths_magical_seal, layout_loops_cross,
          serial_park_avenue1, cheibriados_altar_1, uniq_josephine

Skill      XL: |  1  2  3  4  5  6  7  8  9 10 11 |
---------------+----------------------------------+-----
Fighting       | 4 5 6 7 9 10 11 | 11.5
Axes           | 4 5 7 8 10 11 | 11.1
Armour         | 3 4 5 7 8 11 13 | 13.0
Dodging        | 3 4 5 6 7 8 |  8.0
Shields        | 2 4 6 8 9 |  9.8
Evocations     | 3 |  3.4
Long Blades    | 3 |  3.6

Action                   |  1- 3 |  4- 6 |  7- 9 | 10-12 || total
-------------------------+-------+-------+-------+-------++-------
Melee: Hand axe          |    80 |     1 |       |       ||    81
       Headbutt          |    12 |    28 |    40 |    71 ||   151
       Dagger            |       |   140 |     7 |       ||   147
       Battleaxe         |       |       |   186 |       ||   186
       War axe           |       |       |   133 |    89 ||   222
       Broad axe         |       |       |       |    58 ||    58
       Scimitar          |       |       |       |   146 ||   146
Throw: Javelin           |       |       |     1 |       ||     1
Invok: Berserk           |     1 |     2 |     3 |     3 ||     9
       Trog's Hand       |       |     1 |     6 |     8 ||    15
       Brothers in Arms  |       |       |       |     4 ||     4
Evoke: Wand              |       |       |     1 |    11 ||    12
       Phantom mirror    |       |       |       |     1 ||     1
  Use: Scroll            |       |     1 |    17 |    15 ||    33
       Potion            |       |     1 |     6 |     3 ||    10
 Stab: Confused          |       |       |       |     2 ||     2
  Eat: Chunk             |       |    10 |    13 |     9 ||    32
       Ration            |       |       |     2 |     5 ||     7
Armor: Leather armour    |    17 |       |       |       ||    17
       Ring mail         |    16 |    26 |       |       ||    42
       Plate armour      |       |    67 |   296 |   158 ||   521
Dodge: Dodged            |    45 |    89 |   201 |    52 ||   387
Block: Shield            |       |       |     8 |       ||     8
       Large shield      |       |       |   156 |   487 ||   643
       Reflection        |       |       |       |    10 ||    10
       Rpst.: Scimitar   |       |       |       |     9 ||     9
